 Dungeon Crawl Stone Soup version 0.27.1-34-g3ba077fa99 (webtiles) character file.

Game seed: 16949074771792476937

38 Henk the Skirmisher (level 3, -2/33 HPs)
             Began as a Minotaur Abyssal Knight on Jan 27, 2022.
             Was a Believer of Lugonu.
             Killed from afar by Natasha (4 damage)
             ... with a magic dart
             ... on level 3 of the Dungeon.
             The game lasted 00:08:34 (1911 turns).

Henk the Skirmisher (Minotaur Abyssal Knight)       Turns: 1911, Time: 00:08:35

Health: -2/33      AC:  3    Str: 16    XL:     3   Next: 25%
Magic:  3/3        EV: 11    Int:  9    God:    Lugonu [**....]
Gold:   61         SH:  0    Dex: 10    Spells: 2/2 levels left

rFire    . . .     SeeInvis .   a - +1 hand axe
rCold    . . .     Faith    .   (no shield)
rNeg     . . .     Spirit   .   b - +0 leather armour
rPois    .         Reflect  .   (helmet restricted)
rElec    .         Harm     .   (no cloak)
rCorr    .         Rampage  .   (no gloves)
Will     .....                  (no boots)
Stlth    +.........             (no amulet)
HPRegen  0.11/turn              (no ring)
MPRegen  0.08/turn              (no ring)

@: no status effects
A: horns 2, retaliatory headbutt
a: Renounce Religion, Depart the Abyss, Bend Space


You were on level 3 of the Dungeon.
You worshipped Lugonu.
Lugonu was pleased with you.
You visited 1 branch of the dungeon, and saw 3 of its levels.
You visited the Abyss 1 time.

You collected 61 gold pieces.

Inventory:

Hand Weapons
 a - a +1 hand axe (weapon)
Missiles
 c - 14 poisoned darts (quivered)
 f - 18 arrows
 g - 24 bolts
Armour
 b - a +0 leather armour (worn)
Scrolls
 d - 2 scrolls of blinking {unknown}
 e - a scroll of silence {unknown}
Potions
 h - a potion of curing {unknown}


   Skills:
 + Level 4.2 Fighting
 + Level 3.4 Axes
 + Level 2.8 Armour
 + Level 1.2 Dodging
 + Level 1.9 Invocations


You had 2 spell levels left.
You didn't know any spells.
Your spell library was empty.

Dungeon Overview and Level Annotations

Branches:
Dungeon (3/15)

Altars:

Annotations:
D:3 Natasha


Innate Abilities, Weirdness & Mutations

You have a pair of horns on your head.
You reflexively headbutt those who attack you in melee.


Message History

Found 17 poisoned darts.
You see here 17 poisoned darts.
An orc wizard comes into view. It is wielding a +0 dagger.
The orc wizard shouts!
You hear a shout!
A ball python comes into view.
An adder comes into view.
The adder hisses angrily.
You hear a shout!
The orc wizard hits you with a +0 dagger.
The ball python bites you.
* * * LOW HITPOINT WARNING * * *
The ball python grabs you. The ball python constricts you.
You escape the ball python's grasp.
An orc, an orc priest and an orc wizard come into view.
The orc shouts!
The orc wizard shouts!
A bat comes into view.
The adder bites you.
* * * LOW HITPOINT WARNING * * *
The adder misses you. The bat misses you. You furiously retaliate!
You headbutt the bat!
You kill the bat!
Lugonu accepts your kill. The adder bites you.
* * * LOW HITPOINT WARNING * * *
A kobold comes into view. It is wielding a +0 dagger.
The kobold shouts!
A bat comes into view.
The adder barely misses you.
Found 10 gold pieces.
The bat closely misses you. You furiously retaliate!
You headbutt the bat!
You kill the bat!
Lugonu accepts your kill.
Natasha, Servant of Life and Death comes into view.
Natasha hisses angrily.
The adder bites you.
* * * LOW HITPOINT WARNING * * *
The kobold barely misses you. The adder closely misses you.
Natasha casts a spell at you. The magic dart hits you.
You die...

#. ..###.# #.. #..#..#
###..##.....# #
............##.#
.....$.......#.## ##
.....##.......... .
........h....#####.# ...
.......@KSS.Ko.o.#.#####
...
..........##.###o.......
#..
....#####.##.##o.o......
#.. .#. #.##.##S##.#####
#.. #.##.##o##.# #..
####..........# #..##
#.. .....##.#### #<##
#.# #######.# ##.###.#
#.#


You could see an orc wizard, Natasha, an adder, a ball python and 2 kobolds.

Vanquished Creatures
  3 endoplasms
  A giant cockroach (D:1)
  3 goblins (D:1)
  A hobgoblin (D:2)
  7 jackals
  3 kobolds
  2 quokkas (D:1)
  A ball python (D:1)
  7 bats
  3 frilled lizards (D:1)
  3 rats (D:1)
34 creatures vanquished.

Notes
Turn   | Place    | Note
-------+----------+-------------------------------------------
     0 | Abyss:1  | Henk the Minotaur Abyssal Knight began the quest for the
                  | Orb.
     0 | Abyss:1  | Reached XP level 1. HP: 19/19 MP: 1/1
     7 | D:1      | Escaped the Abyss
   205 | D:1      | Found a faded altar of an unknown god.
   313 | D:1      | Reached XP level 2. HP: 27/27 MP: 2/2
   341 | D:1      | Reached skill level 4 in Fighting
   388 | D:1      | Reached ** piety under Lugonu
  1544 | D:2      | Reached XP level 3. HP: 33/33 MP: 3/3
  1906 | D:3      | Noticed Natasha
  1907 | D:3      | HP: 1/33 [adder (3)]
  1911 | D:3      | Killed from afar by Natasha

Illustrated notes

Levels and vault maps discovered:
D:1:      nicolae_arrival_washed_ashore, layout_basic,
          ebering_ecumenical_altar_box, st_stairs_10
D:2:      layout_basic, serial_aquarium, aquarium_bridge_square
          [aquarium_subvault_bridge, aquarium_subvault_bridge,
          aquarium_subvault_bridge, aquarium_subvault_wall],
          aquarium_window_corridor_1, aquarium_window_2, aquarium_window_2,
          aquarium_view_2c, aquarium_view_2b, aquarium_balcony_3a, basic_altar,
          grunt_ministairs_11, minmay_pentomino_s4, uniq_crazy_yiuf_cottage
D:3:      layout_loops_ring, portal_sewer_entry_b, uniq_natasha, uniq_robin

Skill      XL: |  1  2 |
---------------+-------+-----
Fighting       | 4 |  4.2
Axes           | 3 |  3.4
Armour         | |  2.8
Dodging        | |  1.2
Invocations    | |  1.9

Action                   || total
-------------------------++-------
Melee: Hand axe          ||    54
       Headbutt          ||     7
Armor: Leather armour    ||    28
Dodge: Dodged            ||    63
